PBL
COLORADO AVALANCHE @ ROSWELL INVADERS
07/21/2045
 
TOP OF THE 1ST
Victoria Capitals batting - Pitching for Houston Colt .45's : LHP Mike Cobb
Pitching: LHP Mike Cobb
Batting: SHB Raghnall Ahearne 0-0: Ball
1-0: Ball
2-0: SINGLE (Groundball, 3S, EV 96.9 MPH)
Batting: RHB Kikuo Sato 0-0: Called Strike
0-1: Called Strike
0-2: Ball
1-2: Fly out, F8 (Flyball, 8LD, EV 96.3 MPH)
Batting: RHB Tyler Mapes 0-0: Ball
1-0: Called Strike
Raghnall Ahearne is caught stealing 2nd base 2-4
1-1: SINGLE (Groundball, 56S, EV 72.5 MPH) (infield hit)
Batting: RHB Terry Baginski 0-0: Ball
1-0: Fly out, F8 (Flyball, 89M, EV 78.8 MPH)
Top of the 1st over - 0 runs, 2 hits, 0 errors, 1 left on base; Victoria 0 - Houston 0
BOTTOM OF THE 1ST
Houston Colt .45's batting - Pitching for Victoria Capitals : RHP Ricky Rodriguez
Pitching: RHP Ricky Rodriguez
Batting: RHB Joe Cook 0-0: Foul Ball, location: 2F
0-1: Ball
1-1: Foul Ball, location: 2F
1-2: Fly out, F7 (Flyball, 7, EV 81.9 MPH)
Batting: LHB Doug Anderson 0-0: Ball
1-0: Ball
2-0: Ball
3-0: Base on Balls
Batting: LHB Daniel Lopez 0-0: Swinging Strike
0-1: Swinging Strike
0-2: Foul Ball, location: 2F
0-2: Foul Ball, location: 2F
0-2: Ball
1-2: Foul Ball, location: 2F
1-2: Foul Ball, location: 2F
1-2: Ball
2-2: Foul Ball, location: 2F
2-2: Ball
3-2: Foul Ball, location: 2F
3-2: SINGLE (Line Drive, 34D, EV 94.4 MPH)
Doug Anderson to second
Runner from 2nd tries for 3rd, SAFE, throw by RF made to third
Batting: SHB Troy Kenyon 0-0: Ball
1-0: Foul Ball, location: 2F
1-1: Ball
2-1: Foul Ball, location: 2F
2-2: Ball
3-2: Fielders Choice at 2nd, 3-6 (Groundball, 34S, EV 87.5 MPH)
Doug Anderson scores
Batting: RHB Bobby Dunn 0-0: Ball
1-0: Foul Ball, location: 2F
1-1: SINGLE (Groundball, 56D, EV 102.5 MPH)
Troy Kenyon to second
Batting: LHB Jon Pope 0-0: Fly out, F7 (Flyball, 78D, EV 103.1 MPH)
Bottom of the 1st over - 1 run, 2 hits, 0 errors, 2 left on base; Victoria 0 - Houston 1
TOP OF THE 2ND
Victoria Capitals batting - Pitching for Houston Colt .45's : LHP Mike Cobb
Batting: RHB Tony Vargas 0-0: Ball
1-0: Ball
2-0: Swinging Strike
2-1: Swinging Strike
2-2: Foul Ball, location: 2F
2-2: Ball
3-2: Foul Ball, location: 2F
3-2: Foul Ball, location: 2F
3-2: Strikes out swinging
Batting: RHB Omar Solis 0-0: Called Strike
0-1: Foul Ball, location: 2F
0-2: Strikes out swinging
Batting: LHB Kenny Gerrity 0-0: Called Strike
0-1: Ball
1-1: DOUBLE (Flyball, 8LD, EV 91.9 MPH)
Batting: RHB Harutomi Matsubara 0-0: Ball
1-0: Swinging Strike
1-1: Foul Ball, location: 2F
1-2: Ball
2-2: Strikes out looking
Top of the 2nd over - 0 runs, 1 hit, 0 errors, 1 left on base; Victoria 0 - Houston 1
BOTTOM OF THE 2ND
Houston Colt .45's batting - Pitching for Victoria Capitals : RHP Ricky Rodriguez
Batting: RHB Colin Cranford 0-0: Swinging Strike
0-1: Ball
1-1: Foul Ball, location: 2F
1-2: Strikes out swinging
Batting: LHB Vinny Siebecker 0-0: Foul Ball, location: 2F
0-1: Ball
1-1: Foul Ball, location: 2F
1-2: Strikes out swinging
Batting: SHB Alex Cruz 0-0: Ball
1-0: Ground out 6-3 (Groundball, P, EV 91.9 MPH)
Bottom of the 2nd over - 0 runs, 0 hits, 0 errors, 0 left on base; Victoria 0 - Houston 1
TOP OF THE 3RD
Victoria Capitals batting - Pitching for Houston Colt .45's : LHP Mike Cobb
Batting: RHB Evan Stacks 0-0: Foul Ball, location: 2F
0-1: Called Strike
0-2: Ball
1-2: Strikes out swinging
Batting: SHB Raghnall Ahearne 0-0: Called Strike
0-1: Fly out, F9 (Flyball, 89M, EV 84.4 MPH)
Batting: RHB Kikuo Sato 0-0: Ball
1-0: Called Strike
1-1: Ball
2-1: Swinging Strike
2-2: Strikes out swinging
Top of the 3rd over - 0 runs, 0 hits, 0 errors, 0 left on base; Victoria 0 - Houston 1
BOTTOM OF THE 3RD
Houston Colt .45's batting - Pitching for Victoria Capitals : RHP Ricky Rodriguez
Batting: RHB Joe Cook 0-0: Ball
1-0: Foul Ball, location: 2F
1-1: Fly out, F7 (Flyball, 7D, EV 101.9 MPH)
Batting: LHB Doug Anderson 0-0: Called Strike
0-1: Ground out 5-3 (Groundball, 56, EV 88.1 MPH)
Batting: LHB Daniel Lopez 0-0: Called Strike
0-1: Ball
1-1: Ball
2-1: Foul Ball, location: 2F
2-2: Foul Ball, location: 2F
2-2: Ball
3-2: SINGLE (Groundball, 34D, EV 100.0 MPH)
Batting: SHB Troy Kenyon 0-0: Called Strike
0-1: Swinging Strike
0-2: Strikes out looking
Bottom of the 3rd over - 0 runs, 1 hit, 0 errors, 1 left on base; Victoria 0 - Houston 1
TOP OF THE 4TH
Victoria Capitals batting - Pitching for Houston Colt .45's : LHP Mike Cobb
Batting: RHB Tyler Mapes 0-0: Called Strike
0-1: Ball
1-1: Ball
2-1: Swinging Strike
2-2: Strikes out looking
Batting: RHB Terry Baginski 0-0: Called Strike
0-1: SINGLE (Line Drive, 9S, EV 90.0 MPH)
Batting: RHB Tony Vargas 0-0: Called Strike
0-1: Ball
1-1: Ball
2-1: Swinging Strike
2-2: Strikes out swinging
Batting: RHB Omar Solis 0-0: Swinging Strike
0-1: Called Strike
0-2: Ball
1-2: Ball
2-2: Strikes out swinging
Top of the 4th over - 0 runs, 1 hit, 0 errors, 1 left on base; Victoria 0 - Houston 1
BOTTOM OF THE 4TH
Houston Colt .45's batting - Pitching for Victoria Capitals : RHP Ricky Rodriguez
Batting: RHB Bobby Dunn 0-0: Ball
1-0: Swinging Strike
1-1: Ground out 5-3 (Groundball, 5, EV 93.1 MPH)
Batting: LHB Jon Pope 0-0: Ball
1-0: Ball
2-0: Foul Ball, location: 2F
2-1: Fly out, F8 (Flyball, 89D, EV 93.1 MPH)
Batting: RHB Colin Cranford 0-0: Called Strike
0-1: Foul Ball, location: 2F
0-2: Foul Ball, location: 2F
0-2: Strikes out swinging
Bottom of the 4th over - 0 runs, 0 hits, 0 errors, 0 left on base; Victoria 0 - Houston 1
TOP OF THE 5TH
Victoria Capitals batting - Pitching for Houston Colt .45's : LHP Mike Cobb
Batting: LHB Kenny Gerrity 0-0: Called Strike
0-1: Ball
1-1: Foul Ball, location: 2F
1-2: Ball
2-2: Ball
3-2: Foul Ball, location: 2F
3-2: Ground out 5-3 (Groundball, 5S, EV 78.8 MPH)
Batting: RHB Harutomi Matsubara 0-0: Ground out U3 (Groundball, 34S, EV 84.4 MPH)
Batting: RHB Evan Stacks 0-0: Called Strike
0-1: Ground out 4-3 (Groundball, 34, EV 103.8 MPH)
Top of the 5th over - 0 runs, 0 hits, 0 errors, 0 left on base; Victoria 0 - Houston 1
BOTTOM OF THE 5TH
Houston Colt .45's batting - Pitching for Victoria Capitals : RHP Ricky Rodriguez
Batting: LHB Vinny Siebecker 0-0: Ball
1-0: Called Strike
1-1: Called Strike
1-2: Strikes out looking
Batting: SHB Alex Cruz 0-0: Foul Ball, location: 2F
0-1: Ground out 6-3 (Groundball, 6M, EV 87.5 MPH)
Batting: RHB Joe Cook 0-0: Swinging Strike
0-1: Swinging Strike
0-2: Ball
1-2: Foul Ball, location: 2F
1-2: Ground out 6-3 (Groundball, 6, EV 98.8 MPH)
Bottom of the 5th over - 0 runs, 0 hits, 0 errors, 0 left on base; Victoria 0 - Houston 1
TOP OF THE 6TH
Victoria Capitals batting - Pitching for Houston Colt .45's : LHP Mike Cobb
Batting: SHB Raghnall Ahearne 0-0: Swinging Strike
0-1: Ball
1-1: Swinging Strike
1-2: Strikes out swinging
Batting: RHB Kikuo Sato 0-0: Called Strike
0-1: Swinging Strike
0-2: Foul Ball, location: 2F
0-2: Foul Ball, location: 2F
0-2: Strikes out looking
Batting: RHB Tyler Mapes 0-0: Called Strike
0-1: Swinging Strike
0-2: Foul Ball, location: 2F
0-2: Ball
1-2: Strikes out swinging
Top of the 6th over - 0 runs, 0 hits, 0 errors, 0 left on base; Victoria 0 - Houston 1
BOTTOM OF THE 6TH
Houston Colt .45's batting - Pitching for Victoria Capitals : RHP Ricky Rodriguez
Batting: LHB Doug Anderson 0-0: Ball
1-0: Called Strike
1-1: Swinging Strike
1-2: Ball
2-2: Ball
3-2: Strikes out swinging
Batting: LHB Daniel Lopez 0-0: Ball
1-0: Ball
2-0: Called Strike
2-1: Ball
3-1: Base on Balls
Batting: SHB Troy Kenyon 0-0: Ball
1-0: Ball
2-0: Ball
3-0: Called Strike
3-1: Foul Ball, location: 2F
3-2: Base on Balls
Daniel Lopez to second
Batting: RHB Bobby Dunn 0-0: Ball
1-0: Ball
2-0: Ball
3-0: Called Strike
3-1: Called Strike
3-2: SINGLE (Groundball, 56D, EV 100.0 MPH)
Daniel Lopez to third
Troy Kenyon to second
Batting: LHB Jon Pope 0-0: SINGLE (Line Drive, 8LM, EV 96.3 MPH)
Daniel Lopez scores
Troy Kenyon to third
Bobby Dunn to second
Batting: RHB Colin Cranford 0-0: SINGLE (Line Drive, 78S, EV 105.0 MPH)
Troy Kenyon scores
Bobby Dunn to third
Jon Pope to second
Batting: LHB Vinny Siebecker 0-0: Grounds into fielders choice 6-2 (Groundball, 6, EV 88.1 MPH)
Jon Pope to third
Colin Cranford to second
Batting: SHB Alex Cruz 0-0: Ball
1-0: Ball
2-0: Foul Ball, location: 2F
2-1: Foul Ball, location: 2F
2-2: Strikes out looking
Bottom of the 6th over - 2 runs, 3 hits, 0 errors, 3 left on base; Victoria 0 - Houston 3
TOP OF THE 7TH
Victoria Capitals batting - Pitching for Houston Colt .45's : LHP Mike Cobb
Batting: RHB Terry Baginski 0-0: Ball
1-0: Ball
2-0: Called Strike
2-1: Foul Ball, location: 2F
2-2: Foul Ball, location: 2F
2-2: Ball
3-2: Strikes out looking
Batting: RHB Tony Vargas 0-0: Called Strike
0-1: Ball
1-1: Swinging Strike
1-2: Foul Ball, location: 2F
1-2: SINGLE (Line Drive, 8LS, EV 85.6 MPH)
Batting: RHB Omar Solis 0-0: Swinging Strike
0-1: Ball
1-1: Foul Ball, location: 2F
1-2: Foul Ball, location: 2F
1-2: Ball
2-2: Foul Ball, location: 2F
2-2: Strikes out swinging
Batting: LHB Kenny Gerrity 0-0: Called Strike
0-1: Ball
1-1: Ball
2-1: Foul Ball, location: 2F
2-2: Foul Ball, location: 2F
2-2: Foul Ball, location: 2F
2-2: Foul Ball, location: 2F
2-2: Strikes out swinging
Top of the 7th over - 0 runs, 1 hit, 0 errors, 1 left on base; Victoria 0 - Houston 3
BOTTOM OF THE 7TH
Houston Colt .45's batting - Pitching for Victoria Capitals : RHP Ricky Rodriguez
Pitching: RHP Jake Underhill
Batting: RHB Joe Cook 0-0: Ball
1-0: Foul Ball, location: 2F
1-1: Called Strike
1-2: Reached on error, E6 (Groundball, 6D, EV 80.0 MPH)
Batting: LHB Doug Anderson 0-0: Called Strike
0-1: Foul Ball, location: 2F
0-2: Strikes out swinging
Batting: LHB Daniel Lopez 0-0: Ball
1-0: Ball
Joe Cook steals 2nd base
2-0: Ball
3-0: Called Strike
3-1: Base on Balls
Batting: SHB Troy Kenyon 0-0: Foul Ball, location: 2F
0-1: Foul Ball, location: 2F
0-2: Ball
1-2: Ball
2-2: Grounds into double play, 4-6-3 (Groundball, 4, EV 83.8 MPH)
Bottom of the 7th over - 0 runs, 0 hits, 1 error, 1 left on base; Victoria 0 - Houston 3
TOP OF THE 8TH
Victoria Capitals batting - Pitching for Houston Colt .45's : LHP Mike Cobb
Batting: RHB Harutomi Matsubara 0-0: Ball
1-0: Ball
2-0: Ball
3-0: Called Strike
3-1: Swinging Strike
3-2: Strikes out swinging
Pitching: RHP Joe Rivin
Batting: RHB Salvador Avina 0-0: Ball
1-0: Foul Ball, location: 2F
1-1: Foul Ball, location: 2F
1-2: Ball
2-2: Strikes out swinging
Batting: SHB Raghnall Ahearne 0-0: Ball
1-0: Called Strike
1-1: Foul Ball, location: 2F
1-2: Strikes out swinging
Top of the 8th over - 0 runs, 0 hits, 0 errors, 0 left on base; Victoria 0 - Houston 3
BOTTOM OF THE 8TH
Houston Colt .45's batting - Pitching for Victoria Capitals : RHP Jake Underhill
Batting: RHB Bobby Dunn 0-0: Ball
1-0: Swinging Strike
1-1: Swinging Strike
1-2: Ball
2-2: Foul Ball, location: 2F
2-2: Ball
3-2: Fly out, F9 (Flyball, 89D, EV 102.5 MPH)
Batting: LHB Jon Pope 0-0: Ball
1-0: Foul Ball, location: 2F
1-1: Foul Ball, location: 2F
1-2: Ground out 6-3 (Groundball, 6, EV 110.0 MPH)
Batting: RHB Colin Cranford 0-0: Ball
1-0: Swinging Strike
1-1: Ball
2-1: Fly out, F4 (Popup, 13, EV 90.0 MPH)
Bottom of the 8th over - 0 runs, 0 hits, 0 errors, 0 left on base; Victoria 0 - Houston 3
TOP OF THE 9TH
Victoria Capitals batting - Pitching for Houston Colt .45's : RHP Joe Rivin
Pitching: RHP Jim Davis
Batting: RHB Kikuo Sato 0-0: Ball
1-0: Swinging Strike
1-1: Called Strike
1-2: Foul Ball, location: 2F
1-2: Ball
2-2: Strikes out swinging
Batting: RHB Tyler Mapes 0-0: Foul Ball, location: 2F
0-1: Fly out, F8 (Flyball, 89XD, EV 95.6 MPH)
Batting: RHB Terry Baginski 0-0: Called Strike
0-1: SINGLE (Line Drive, 3D, EV 95.0 MPH)
Batting: RHB Tony Vargas 0-0: Ball
1-0: DOUBLE (Line Drive, 9LS, EV 107.5 MPH)
Terry Baginski to third
Batting: RHB Omar Solis 0-0: Called Strike
0-1: Ball
1-1: Foul Ball, location: 2F
1-2: Strikes out swinging
Top of the 9th over - 0 runs, 2 hits, 0 errors, 2 left on base; Victoria 0 - Houston 3
Wednesday, June 22nd , 2022 - OOTP Baseball 23.4 Build 64